 Dungeon Crawl Stone Soup version 0.13-a0-2531-g2ad9301 (webtiles) character file.

93 M4edhros the Sneak (level 3, -5/26 HPs)
             Began as an Octopode Artificer on July 26, 2013.
             Slain by an orc
             ... wielding a +0,+3 orcish trident
              (11 damage)
             ... on Level 3 of the Dungeon.
             The game lasted 00:00:57 (736 turns).

M4edhros the Sneak (Octopode Artificer)              Turns: 736, Time: 00:00:57

HP  -5/26        AC  1     Str 10      XL: 3   Next: 16%
MP   4/4         EV 12     Int 15      God:
Gold 64          SH  0     Dex 12      Spells:  0 memorised,  2 levels left

Res.Fire  : . . .   See Invis. : .   a - +0 short sword
Res.Cold  : . . .   Warding    : .   (no shield)
Life Prot.: . . .   Conserve   : .   (helmet restricted)
Res.Poison: .       Res.Corr.  : .   (no amulet)
Res.Elec. : .       Clarity    : .   (no ring)
Sust.Abil.: . .     Spirit.Shd : .   (no ring)
Res.Mut.  : .       Stasis     : .   (no ring)
Res.Rott. : .       Flight     : .   (no ring)
Saprovore : . . .                    (no ring)
                                     (no ring)
                                     (no ring)
                                     (no ring)

@: not resistant to hostile enchantments, quite stealthy
A: almost no armour, amphibious, 8 rings, constrict 8, camouflage 1, +10% hp, AC
+1
a: no special abilities


You were on level 3 of the Dungeon.
You were not hungry.

You visited 1 branch of the dungeon, and saw 3 of its levels.

You collected 44 gold pieces.

Inventory:

Hand weapons
 a - a +0,+0 short sword (weapon)
Magical devices
 b - a wand of flame (15)
 c - a wand of enslavement (7)
 d - a wand of random effects (15)
Comestibles
 f - a bread ration
 h - a choko
Scrolls
 e - a scroll of enchant armour {unknown}
 g - a scroll of fear {unknown}


   Skills:
 - Level 1.0 Fighting
 + Level 1.8 Short Blades
 - Level 2.0 Dodging
 * Level 3.6 Stealth
 - Level 3.2 Evocations


You had 2 spell levels left.
You didn't know any spells.

Dungeon Overview and Level Annotations

Branches:
Dungeon (3/27)

Altars:

Annotations
D:1 Ijyb


Innate Abilities, Weirdness & Mutations

You cannot wear most types of armour.
You are amphibious.
You can wear up to eight rings at the same time.
You can use your tentacles to constrict many enemies at once.
Your skin changes colour to match your surroundings (Stlth).
Your rubbery body absorbs attacks (AC +1).
You are robust (+10% HP).


Message History

Zapping:
c - a wand of enslavement (10)
Press: ? - help, Shift-Dir - straight line, f - orc wizard
Aim: an orc wizard, wielding an orcish dagger and wearing an orcish robe The orc wizard struggles to resist.
This wand has 9 charges left.
The orc wizard hits you with an orcish dagger.
Evoke which item? (* to show all) (? for menu, Esc to quit)
Zapping:
c - a wand of enslavement (9)
Press: ? - help, Shift-Dir - straight line, f/p - orc wizard
Aim: an orc wizard, wielding an orcish dagger and wearing an orcish robe The orc wizard easily resists.
This wand has 8 charges left.
The orc wizard hits you but does no damage.
The orc hits you.
* * * LOW HITPOINT WARNING * * *
Evoke which item? (* to show all) (? for menu, Esc to quit)
Zapping:
c - a wand of enslavement (8)
Press: ? - help, Shift-Dir - straight line, f/p - orc wizard
Aim: an orc wizard, wielding an orcish dagger and wearing an orcish robe The orc wizard is charmed.
This wand has 7 charges left.
The orc hits you from afar with an orcish trident!
You die...

....≈≈≈≈≈...#
.....≈≈♣≈≈...###
.....≈≈≈≈≈.....##
..♣...≈≈≈...#...#
.♣♣♣.....%....#
♣♣♣.......#...#
♣♣♣♣<####.##....
♣♣#.###...#.###
#.##..@...#
#....oo......#
####..o...##.#
##...#... #
##.##..## #.# ..#
..# .# ###


You could see 2 orcs and a friendly orc wizard.

Vanquished Creatures
  An adder (D:3)
  4 bats (D:1)
  2 goblins (D:1)
  4 hobgoblins
  4 kobolds
  2 giant cockroaches
  2 giant geckos
  A giant newt (D:1)
  2 rats
22 creatures vanquished.

Notes
Turn   | Place    | Note
--------------------------------------------------------------
     0 | D:1      | M4edhros, the Octopode Artificer, began the quest for the Orb.
     0 | D:1      | Reached XP level 1. HP: 14/14 MP: 1/1
    93 | D:1      | Reached XP level 2. HP: 14/19 MP: 3/3
   189 | D:2      | Noticed Ijyb
   211 | D:1      | Gained mutation: You are robust (+10% HP). [potion of beneficial mutation]
   714 | D:3      | Reached XP level 3. HP: 24/26 MP: 4/4
   736 | D:3      | Slain by an orc

Action                   || total
-------------------------++-------
Melee: Short sword       ||    41
Evoke: Wand              ||     8
  Use: Potion            ||     1
 Stab: Sleeping          ||     4
